 Dungeon Crawl Stone Soup version 0.31-a0-18-gea43df2a32 (webtiles) character file.

Game seed: 17352031497197907909

5985 vineage the Spear-Bearer (level 10, -1/85 HPs)
             Began as a Merfolk Gladiator on May 11, 2023.
             Was a Priest of Okawaru.
             Slain by an acid dragon (2 damage)
             ... on level 8 of the Dungeon.
             The game lasted 00:12:03 (8961 turns).

vineage the Spear-Bearer (Merfolk Gladiator)        Turns: 8961, Time: 00:12:04

Health: -1/85      AC:  9    Str: 21    XL:     10   Next: 85%
Magic:  11/13      EV: 17    Int: 13    God:    Okawaru [***...]
Gold:   401        SH:  0    Dex: 16    Spells: 9/9 levels left

rFire   . . .        a - +0 trident
rCold   . . .        (no shield)
rNeg    . . .        b - +0 plate armour "Danwum" {Str+2 Int+6}
rPois   .            c - +1 helmet
rElec   .            (no cloak)
rCorr   .            (no gloves)
SInv    .            (no boots)
Will    .....        (no amulet) Stlth
                     m - +5 ring of evasion
HPRegen 0.34/turn    (no ring)
MPRegen 0.13/turn

%: no passive effects
@: heroic, corroded, invisible
A: (nimble swimmer 2), mertail
a: Renounce Religion, Heroism


You were on level 8 of the Dungeon.
You worshipped Okawaru.
Okawaru was most pleased with you.
You visited 2 branches of the dungeon, and saw 9 of its levels.
You also visited: Sewer and Bailey.

You collected 401 gold pieces.

Inventory:

Hand Weapons
 a - a +0 trident (weapon)
Missiles
 d - 3 throwing nets (quivered)
 e - a javelin
Armour
 b - the +0 plate armour "Danwum" (worn) {Str+2 Int+6}
   (You found it on level 4 of the Dungeon)

   Str:       It affects your strength (+2).
   Int:       It affects your intelligence (+6).
 c - a +1 helmet (worn)
Jewellery
 m - a +5 ring of evasion (left hand)
 o - a ring of ice
Wands
 g - a wand of flame (8)
Scrolls
 f - a scroll of blinking
 h - 4 scrolls of teleportation
 k - a scroll of fear
 l - 4 scrolls of enchant weapon
 p - a scroll of enchant armour
 q - 5 scrolls of fog
Potions
 j - a potion of haste {unknown}
 n - a potion of might {unknown}
 r - 2 potions of mutation {unknown}
 u - a potion of cancellation


   Skills:
 + Level 9.9(14.9) Fighting
 + Level 12.0(17.0) Polearms
 - Level 2.0(7.0) Throwing
 * Level 5.4(10.4) Armour
 + Level 7.8(12.8) Dodging
 + Level 5.0 Invocations


You had 9 spell levels left.
You didn't know any spells.
Your spell library contained the following spells:

 Spells                   Type           Power      Damage    Failure   Level
 Static Discharge         Conj/Air       0%         2-2/arc   100%        2
 Airstrike                Air            0%         2d(0-16)  100%        4
 Orb of Destruction       Conj           0%         9d5       100%        7
 Summon Guardian Golem    Hex/Summ       Unusable   N/A       N/A         3
 Summon Lightning Spire   Summ/Air       Unusable   N/A       N/A         4
 Spellforged Servitor     Conj/Summ      Unusable   N/A       N/A         7

Dungeon Overview and Level Annotations

Branches:
Dungeon (8/15)             Temple (1/1) D:4           Sewer (visited)
 Bailey (visited)
   Lair: D:8-11

Altars:
Ashenzari
Elyvilon
Fedhas
Hepliaklqana
Kikubaaqudgha
Makhleb
Nemelex Xobeh
Okawaru
Qazlal
Ru
Sif Muna
Trog
Uskayaw
Wu Jian
Yredelemnul
Zin
The Shining One

Shops:
D:2 :   D:7 [

Annotations:
D:4 1 runed translucent door


Innate Abilities, Weirdness & Mutations

((You are very nimble when in or above water. (Stealth+, EV+, Speed+++)))
Your lower body shifts to a powerful aquatic tail in water.


Message History

The acid dragon spits acid at you. The splash of acid hits you!
The acid corrodes you!
You hit the acid dragon.
The acid dragon is lightly wounded.
The acid dragon bites you.
The acid dragon claws you but does no damage.
You are too injured to fight recklessly!
You are too injured to fight recklessly!
You are too injured to fight recklessly!
You are too injured to fight recklessly!
You are too injured to fight recklessly!
You are too injured to fight recklessly!
You are too injured to fight recklessly!
You are too injured to fight recklessly!
You are too injured to fight recklessly!
You are too injured to fight recklessly!
You are too injured to fight recklessly!
You are too injured to fight recklessly!
You are too injured to fight recklessly!
You barely miss the acid dragon.
The acid dragon is lightly wounded.
You puncture the acid dragon! Your punch misses the acid dragon.
The acid dragon is heavily wounded.
The acid dragon spits acid at you. The splash of acid hits you!!
* * * LOW HITPOINT WARNING * * *
The acid corrodes you!
You hit the acid dragon but do no damage.
The acid dragon is heavily wounded.
The acid dragon bites you!
* * * LOW HITPOINT WARNING * * *
The acid dragon claws you.
* * * LOW HITPOINT WARNING * * *
You gain the combat prowess of a mighty hero.
The acid dragon bites you!
* * * LOW HITPOINT WARNING * * *
The acid dragon claws you but does no damage.
You fade into invisibility!
The acid dragon closely misses you. The acid dragon claws you.
You die...

##..#..........
#..##.........
##.####.....=..
##).# ##....... .
#..## #..).(.
..#######..#
#.....
..........## ##.
..#..
#.......[.###.....
.. .
#......<..@D......
.#.
.............####.
.#######....##
###..# ##... ....
###.. ##


You could see an acid dragon (unable to see you).

Vanquished Creatures
  2 vault guards (Bailey)
  Maggie (D:7)
  Psyche (D:8)
  Prince Ribbit (Bailey)
  The ghost of PostNTower the Insei, an amateur OpTm (D:4)
  Sigmund (D:4)
  5 humans (Bailey)
  Menkaure (D:4)
  A sky beast (D:7)
  An ice beast (D:6)
  4 ogres (D:4)
  2 centaurs
  2 kobold brigands (Sewer)
  6 scorpions
  11 bullfrogs
  3 wights (D:7)
  4 killer bees
  A howler monkey (D:5)
  3 hounds
  2 jellies
  2 orc priests (D:4)
  2 sleepcaps
  Ijyb (D:5)
  An iguana (D:6)
  An orc wizard (D:3)
  7 gnolls
  10 adders
  A shadow imp (D:6)
  2 white imps
  2 ufetubi
  2 worms
  4 dart slugs
  14 orcs
  14 ball pythons
  7 endoplasms
  10 giant cockroaches
  13 goblins
  11 hobgoblins
  2 jackals (Sewer)
  7 quokkas
  3 bats
  7 frilled lizards
  10 kobolds
  12 rats
198 creatures vanquished.

Notes
Turn   | Place    | Note
-------+----------+-------------------------------------------
     0 | D:1      | vineage the Merfolk Gladiator began the quest for the Orb.
     0 | D:1      | Reached XP level 1. HP: 16/16 MP: 1/1
   144 | D:1      | Reached XP level 2. HP: 21/23 MP: 2/2
   625 | D:1      | Reached XP level 3. HP: 29/29 MP: 3/3
  1125 | D:2      | Found Mivegi Bejo's Book Shop.
  1169 | D:2      | Reached skill level 5 in Polearms
  1358 | D:2      | Reached XP level 4. HP: 35/35 MP: 4/4
  1418 | D:2      | You fall into a shaft and drop 2 floors!
  1863 | D:3      | Reached XP level 5. HP: 31/42 MP: 5/5
  1875 | D:3      | Reached skill level 6 in Polearms
  2081 | D:3      | Found a faded altar of an unknown god.
  2183 | D:3      | Found a broken altar of Ashenzari.
  2491 | D:4      | Noticed an ogre
  2524 | D:4      | Killed an ogre
  2525 | D:4      | Reached skill level 5 in Fighting
  2525 | D:4      | Reached skill level 7 in Polearms
  2525 | D:4      | Reached XP level 6. HP: 51/51 MP: 6/6
  2542 | D:4      | Identified the +0 plate armour "Danwum" {Str+2 Int+6}
  2821 | D:4      | Found a runed translucent door.
  2823 | D:4      | Noticed PostNTower's ghost (amateur OpTm)
  2841 | D:4      | Reached XP level 7. HP: 57/57 MP: 7/7
  2857 | D:4      | Killed PostNTower's ghost
  2858 | D:4      | Reached skill level 8 in Polearms
  2918 | D:3      | HP: 2/59 [poisoned by a scorpion]
  3324 | D:4      | Found a runed translucent door.
  3336 | D:4      | Found a bloodstained altar of Trog.
  3452 | D:4      | Reached skill level 9 in Polearms
  3502 | D:4      | Reached XP level 8. HP: 61/67 MP: 8/8
  3612 | D:4      | Found a staircase to the Ecumenical Temple.
  3612 | D:4      | Noticed Sigmund
  3613 | D:4      | Noticed Menkaure
  3633 | D:4      | Killed Sigmund
  3648 | D:4      | Killed Menkaure
  3867 | D:4      | Found a hazy altar of Hepliaklqana.
  3973 | Temple   | Entered the Ecumenical Temple
  4010 | Temple   | Became a worshipper of Warmaster Okawaru
  4106 | D:5      | Entered Level 5 of the Dungeon
  4113 | D:5      | Reached skill level 10 in Polearms
  4272 | D:4      | Reached skill level 1 in Armour
  4686 | D:5      | Noticed Ijyb
  4700 | D:5      | Killed Ijyb
  5149 | D:6      | Found a shimmering blue altar of Sif Muna.
  5265 | D:6      | Found a glowing drain.
  5278 | Sewer    | Entered a sewer
  5357 | Sewer    | Reached XP level 9. HP: 75/75 MP: 9/9
  5419 | Sewer    | Reached skill level 1 in Invocations
  5527 | Sewer    | Reached skill level 5 in Dodging
  6109 | D:6      | Found a stormy altar of Qazlal.
  6415 | D:7      | Noticed Maggie
  6442 | D:7      | HP: 3/75 [Maggie/+0 glaive (15)]
  6453 | D:7      | Killed Maggie
  6453 | D:7      | Reached * piety under Okawaru
  6858 | D:7      | Found a flagged portal.
  6863 | D:7      | Reached skill level 11 in Polearms
  6872 | Bailey   | Entered a bailey
  6946 | Bailey   | Reached ** piety under Okawaru
  6947 | Bailey   | Reached XP level 10. HP: 26/83 MP: 10/12
  7437 | Bailey   | Noticed Prince Ribbit
  7437 | Bailey   | Noticed a vault guard
  7442 | Bailey   | Killed Prince Ribbit
  7459 | Bailey   | Killed a vault guard
  7683 | Bailey   | Noticed a vault guard
  7704 | Bailey   | Killed a vault guard
  7704 | Bailey   | Reached *** piety under Okawaru
  7705 | Bailey   | Reached skill level 5 in Armour
  8034 | D:7      | Found Ifaopt's Armour Shop.
  8061 | D:7      | Found a sacrificial altar of Ru.
  8653 | D:8      | Noticed Psyche
  8672 | D:8      | Killed Psyche
  8679 | D:8      | Reached skill level 12 in Polearms
  8831 | D:7      | Reached skill level 5 in Invocations
  8960 | D:8      | HP: 1/85 [acid dragon (8)]
  8961 | D:8      | Slain by an acid dragon

Illustrated notes

Levels and vault maps discovered:
D:1:      doesnt_arrival_eight_statues, layout_loops_corners,
          serial_bayou_lake_a
D:2:      layout_rooms, serial_shops, nicolae_shop_real_fake_doors,
          kennysheep_generic_room_13
D:3:      layout_rooms, ashenzari_conservatory_becter,
          shapermc_ecumenical_altar_mp_vishouse, minmay_misc_feat_rows
D:4:      layout_basic, mainiacjoe_overflow_large_starburst,
          minmay_temple_entry_proselytizer, nicolae_ossuary_entry_ruins,
          ebering_ghost_sewer_f, grunt_ministairs_1, uniq_sigmund, uniq_menkaure
D:5:      layout_cave_pools, grunt_ministairs_11, uniq_ijyb
D:6:      layout_loops_ring, old_standard_altar, mainiacjoe_overflow_paths,
          gup_sewer_entry_pipe
D:7:      layout_basic, nicolae_overflow_crystal_walls, enter_bailey_5,
          serial_shops, nicolae_take_the_stairs, uniq_maggie
D:8:      lemuel_castle_with_subvaults [lemuel_castle_interior_original],
          layout_layer_cave, slow_altar_2, lemuel_crystal_altar,
          grunt_lair_entry_orc_guard_hut, uniq_psyche, uniq_prince_ribbit1
Temple:   nicolae_temple_ecumenical_triangle

Skill      XL: |  1  2  3  4  5  6  7  8  9 10 |
---------------+-------------------------------+-----
Fighting       | 3 4 5 7 8 9 |  9.9
Polearms       | 5 7 9 10 11 12 | 12.0
Armour         | 1 4 5 |  5.4
Invocations    | 3 5 |  5.0
Dodging        | 6 7 |  7.8
Throwing       | |  2.0

Action                     |  1- 3 |  4- 6 |  7- 9 | 10-12 || total
---------------------------+-------+-------+-------+-------++-------
  Melee: Trident           |   126 |   185 |   446 |   189 ||   946
         Punch             |       |     2 |     2 |     5 ||     9
         Tailslap          |       |       |     7 |       ||     7
 Invoke: Heroism           |       |       |     1 |     3 ||     4
    Use: Scroll            |     4 |     6 |     6 |     1 ||    17
         Potion            |       |     3 |     7 |     3 ||    13
   Stab: Sleeping          |     4 |       |       |       ||     4
         Invisible         |       |     4 |       |       ||     4
         Fleeing           |       |       |     1 |       ||     1
 Armour: Leather armour    |    22 |       |       |       ||    22
         Scale mail        |    12 |    39 |       |       ||    51
         Plate armour      |       |    11 |   134 |    75 ||   220
  Dodge: Dodged            |    50 |    76 |   188 |   141 ||   455

Table legend: (Time is in decaauts)
 A = Elapsed time spent in this place.
 B = Non-inter-level travel time spent in this place.
 C = Inter-level travel time spent in this place.
 D = Time resting spent in this place.
 E = Time spent auto-exploring this place.
 F = Levels seen in this place.
 G = Mean time per level.
                   A        B        C        D        E       F      G
               +--------+--------+--------+--------+--------+-----+--------+
         Total |   8669 |   8270 |    399 |   2014 |   4694 |  11 |  788.1 |
       Dungeon |   7176 |   6801 |    375 |   1230 |   4355 |   8 |  897.0 |
        Temple |     50 |     26 |     24 |      0 |     18 |   1 |   50.0 |
         Sewer |    400 |    400 |      0 |      0 |    279 |   1 |  400.0 |
        Bailey |   1041 |   1041 |      0 |    784 |     41 |   1 | 1041.0 |
               +--------+--------+--------+--------+--------+-----+--------+

Top non-repeatable levels by time:
     D:4: 1681 daAuts
     D:7: 1275 daAuts
     D:3: 1063 daAuts
  Bailey: 1041 daAuts
     D:1: 1024 daAuts
     D:6: 801 daAuts
     D:2: 695 daAuts
     D:5: 471 daAuts
   Sewer: 400 daAuts
     D:8: 163 daAuts
  Temple: 50 daAuts
